 Dungeon Crawl Stone Soup version 0.22.1-2-g9c5b331 (webtiles) character file.

255 myga the Ducker (level 6, 0/48 HPs)
             Began as a Human Monk on Dec 13, 2018.
             Was a Believer of Trog.
             Succumbed to a worker ant's poison
             ... on level 3 of the Dungeon.
             The game lasted 00:17:47 (4517 turns).

myga the Ducker (Human Monk)                        Turns: 4517, Time: 00:17:48

Health: 0/48       AC:  9    Str: 13    XL:     6   Next: 38%
Magic:  6/6        EV: 11    Int: 15    God:    Trog [**....]
Gold:   153        SH:  0    Dex: 16    Spells: 5/5 levels left

rFire    . . .     SeeInvis .   h - +0 dagger (flame)
rCold    . . .     Gourm    .   (no shield)
rNeg     . . .     Faith    .   l - +0 scale mail
rPois    .         Spirit   .   (no helmet)
rElec    .         Reflect  .   (no cloak)
rCorr    +         Harm     .   t - +2 pair of gloves
MR       +....                  (no boots)
Stlth    +.........             (no amulet)
HPRegen  0.16/turn              g - ring of protection from magic
MPRegen  0.10/turn              b - ring of resist corrosion

@: brilliant, lethally poisoned (0 -> -1)
A: no striking features
a: Berserk, Trog's Hand, Renounce Religion


You were on level 3 of the Dungeon.
You worshipped Trog.
Trog was pleased with you.
You were not hungry.

You visited 1 branch of the dungeon, and saw 4 of its levels.

You collected 153 gold pieces.

Inventory:

Hand Weapons
 h - a +0 dagger of flaming (weapon)
Armour
 e - a +0 ring mail
 l - a +0 scale mail (worn)
 p - a +0 ring mail
 r - a +0 scale mail
 s - a +2 helmet
 t - a +2 pair of gloves (worn)
 u - a +1 hat
Jewellery
 b - a ring of resist corrosion (right hand)
 d - a +3 ring of intelligence
 g - a ring of protection from magic (left hand)
Scrolls
 j - a scroll of identify
 k - 2 scrolls of remove curse
 m - a scroll of immolation
 n - a scroll of amnesia
 q - a scroll of fog
Comestibles
 c - 3 rations


   Skills:
 + Level 3.8 Fighting
 + Level 2.8(3.6) Short Blades
   Level 3.2(3.8) Long Blades
 + Level 2.2 Armour
 + Level 3.9 Dodging
 + Level 3.0 Stealth


You had 5 spell levels left.
You didn't know any spells.
Your spell library was empty.

Dungeon Overview and Level Annotations

Branches:
Dungeon (4/15)
 Temple: D:4-7

Altars:
Fedhas
Trog
Wu Jian


Message History

Unknown command.
You aren't carrying any potions.
Wear which item? (? for menu, Esc to quit)
Okay, then.
Unknown command.
Wear which item? (? for menu, Esc to quit)
You start removing your armour.
You continue taking off your +2 helmet.
Keep disrobing?
* * * LOW HITPOINT WARNING * * *
You feel sick.
You continue taking off your +2 helmet. x3
* * * LOW HITPOINT WARNING * * *
You feel sick.
You finish taking off your +2 helmet.
* * * LOW HITPOINT WARNING * * *
You feel sick.
* * * LOW HITPOINT WARNING * * *
You feel sick.
You eat one of the 4 rations.
That ration really hit the spot!
You die...

###.# #..# #.# #.# #..#
#.# #.# #..# #.#
###.########..# ##.#
..............# ##..#
....########..# #...######
##............# ##.#.....#
##.##.#.....#####....###.#
#.##..........@..#..# #.#
#.###.#...######....###.#
#.>)a....########.#.....#
##..##.........# #.###.###
##...##########.###.###§#
.....## #.##...§§§#
#.....# #.##.##§§##
#.##..### #.##.##§§##
#.##....# ###...##§§#


There were no monsters in sight!

Vanquished Creatures
  An orc priest (D:3)
  3 worker ants (D:4)
  6 adders
  An ooze (D:2)
  5 worms
  3 dart slugs
  A leopard gecko (D:2)
  7 orcs
  A ball python (D:3)
  7 goblins
  9 hobgoblins
  2 jackals (D:3)
  5 kobolds
  3 quokkas (D:3)
  7 bats
  3 frilled lizards
  2 leopard gecko skeletons
  6 rats
72 creatures vanquished.

Vanquished Creatures (others)
  A fungus (D:2)
1 creature vanquished.

Grand Total: 73 creatures vanquished

Notes
Turn   | Place    | Note
-------+----------+-------------------------------------------
     0 | D:1      | myga the Human Monk began the quest for the Orb.
     0 | D:1      | Reached XP level 1. HP: 18/18 MP: 1/1
   166 | D:1      | Reached XP level 2. HP: 8/24 MP: 2/2
  1268 | D:2      | Reached XP level 3. HP: 25/29 MP: 3/3
  1315 | D:2      | Found a blossoming altar of Fedhas.
  1413 | D:2      | Reached XP level 4. HP: 24/35 MP: 4/4
  1801 | D:2      | Reached skill level 1 in Armour
  2139 | D:2      | Reached skill level 1 in Short Blades
  2566 | D:3      | Reached XP level 5. HP: 41/41 MP: 5/5
  2600 | D:3      | Found a bloodstained altar of Trog.
  2846 | D:3      | HP: 1/41 [orc priest/divine providence (15)]
  3828 | D:3      | Became a worshipper of Trog the Wrathful
  3828 | D:3      | Reached * piety under Trog
  3828 | D:3      | Reached ** piety under Trog
  3977 | D:4      | Found an ornate altar of the Wu Jian Council.
  4074 | D:4      | Reached XP level 6. HP: 45/48 MP: 6/6
  4395 | D:4      | Noticed an ogre
  4503 | D:3      | HP: 2/48 [poisoned by a worker ant]
  4509 | D:3      | HP: 1/48 [poisoned by a worker ant]
  4517 | D:3      | Succumbed to a worker ant's poison

Skill      XL: |  1  2  3  4  5  6 |
---------------+-------------------+-----
Armour         | 1 2 |  2.2
Short Blades   | 1 2 |  2.8
Stealth        | 3 |  3.0
Fighting       | |  3.8
Long Blades    | |  3.2
Dodging        | |  3.9

Action                   |  1- 3 |  4- 6 || total
-------------------------+-------+-------++-------
Melee: Falchion          |    44 |       ||    44
       Dagger            |    85 |   360 ||   445
Invok: Berserk           |       |     1 ||     1
  Use: Scroll            |     2 |     9 ||    11
       Potion            |     2 |     7 ||     9
 Stab: Sleeping          |     3 |     3 ||     6
  Eat: Chunk             |     2 |     2 ||     4
       Ration            |       |     3 ||     3
Armor: Robe              |     9 |       ||     9
       Ring mail         |    22 |    53 ||    75
       Scale mail        |       |    67 ||    67
Dodge: Dodged            |    61 |   204 ||   265
       Rpst.: Falchion   |     7 |       ||     7
